[Event "*** Titled Tuesday Blitz"]
[Site "Chess.com"]
[Date "2020.04.07"]
[Round "6"]
[White "OhanyanEminChess"]
[Black "Jenia84"]
[Result "1/2-1/2"]
[WhiteElo "2557"]
[BlackElo "2310"]
[TimeControl "180+1"]
[EndTime "14:09:29 PDT"]
[Termination "Game drawn by agreement"]

1. e4 e5 2. Nc3 Nc6 3. Bc4 Bc5 4. Qg4 Kf8 5. Qf3 Nf6 6. Nge2 Nd4 7. Nxd4 Bxd4 8. d3 c6 9. Bb3 d6 10. h3 Be6 11.
Be3 Bxe3 12. fxe3 Bxb3 13. axb3 Ke7 14. O-O Re8 15. Qg3 Kf8 16. Rf5 Kg8 17. Raf1 Re6 18.
Nd1 Qe7 19. Nf2 Rf8 20. Ng4 Nxg4 21. Qxg4 Rg6 22. Qf3 Qe6 23. Kh2 h6 24. g4 Rg5 25.
Rxg5 hxg5 26. Qf5 Qxf5 27. exf5 f6 28. Ra1 a6 29. b4 Kf7 30. e4 Ke7 31. Kg3 Kd7 32.
h4 gxh4+ 33. Kxh4 Rh8+ 34. Kg3 Kc7 35. c3 Kb6 36. b3 d5 37. Rd1 Rd8 38. exd5 Rxd5 39.
Kf3 a5 40. bxa5+ Rxa5 41. Rh1 Ra3 42. Rh7 Rxb3 43. Rxg7 Rxc3 44. Ke3 Rc1 45. Rg6 Rg1 46. Kf3 Rf1+ 47. Ke2 Rf4 48. Rxf6 Rxg4 49. Re6 Kc5 50. Rxe5+ Kd4 51. Re7 Rf4 52. Rd7+ Ke5 53. Rxb7 Rxf5 54.
Re7+ Kd6 55. Rh7 Re5+ 56. Kd2 Kd5 57. Rh4 Re6 58. Rh5+ Re5 59. Rh8 Re6 60. Rd8+ Rd6 61. Ra8 c5 62. Ra4 Rg6 63. Rh4 Rg2+ 64. Kc3 Rg5 65.
Ra4 Rf5 66. Ra8 Rg5 67. Rd8+ Kc6 68. Rh8 Kd5 69. Rh6 Rf5 70. Rh3 Rg5 71. Rh8 Rf5 72. Rd8+ Kc6 73. Rc8+ Kd5 74. Ra8 Rg5 75. Ra2 Rg3 76. Rh2 Rg5 77. Rh1 Rf5 78. Rb1 Rg5 79. Rb5 Rh5 80. Rb8 Rg5 81. Rd8+ Kc6 1/2-1/2

[Event "*** Titled Tuesday Blitz"]
[Site "Chess.com"]
[Date "2020.04.07"]
[Round "6"]
[White "Sibelephant"]
[Black "igorkovalenko"]
[Result "1/2-1/2"]
[WhiteElo "3154"]
[BlackElo "2917"]
[TimeControl "180+1"]
[EndTime "14:09:31 PDT"]
[Termination "Game drawn by repetition"]

1. c4 e5 2. Nc3 Nc6 3. Nf3 Nf6 4. g3 Nd4 5. Bg2 Nxf3+ 6. Bxf3 Bb4 7. O-O O-O 8. Qc2 a5 9. Rd1 Re8 10. d4 exd4 11.
Rxd4 Bc5 12. Rd1 d6 13. Na4 Ba7 14. c5 d5 15. e4 c6 16. exd5 Nxd5 17. Be3 Bh3 18. Bd4 Qe7 19. Bg2 Bxg2 20. Kxg2 Rad8 21. a3 h5 22. Qf5 g6 23. Qf3 f5 24. Rac1 Bb8 25.
Nc3 Qf7 26. Re1 Nxc3 27. Bxc3 Bc7 28. Rcd1 Rxe1 29. Rxe1 Re8 30. Rd1 Re7 31. Qd3 Kh7 32.
Qd2 f4 33. Qd3 fxg3 34. hxg3 Qe6 35. Rh1 Kh6 36. Re1 Qf7 37. Qd4 Rxe1 38. Bxe1 Qd5+ 39.
Qxd5 cxd5 40. b4 axb4 41. axb4 g5 42. b5 Kg6 43. Bc3 Kf5 44. Kf3 g4+ 45. Ke3 Ke6 46. Kd3 Bd8 47. Bd2 h4 48. gxh4 Bxh4 49. Be3 g3 50.
fxg3 Bxg3 51. Bd4 Bc7 52. Be3 Be5 53. Ke2 d4 54. Bf2 Kd5 55. c6 bxc6 56. bxc6 Kxc6 57. Kd3 Kd5 58. Bg1 Bf6 59. Bf2 Be5 60. Bg1 Bf6 61. Bf2 Be5 1/2-1/2

[Event "*** Titled Tuesday Blitz"]
[Site "Chess.com"]
[Date "2020.04.07"]
[Round "6"]
[White "mbojan"]
[Black "vladimirdamjanovic"]
[Result "0-1"]
[WhiteElo "2684"]
[BlackElo "2526"]
[TimeControl "180+1"]
[EndTime "14:09:32 PDT"]
[Termination "vladimirdamjanovic won by checkmate"]

1. e4 c6 2. d4 d5 3. Nc3 dxe4 4.
Nxe4 Bf5 5. Ng3 Bg6 6. h4 h6 7. Nf3 Nd7 8. h5 Bh7 9. Bd3 Bxd3 10. Qxd3 e6 11. Bd2 Ngf6 12. O-O-O Be7 13. Kb1 Qb6 14.
Rhe1 O-O 15. Nf5 exf5 16. Rxe7 Qd8 17. Ree1 Ne4 18. Be3 Ndf6 19. Nd2 Re8 20. Nxe4 fxe4 21. Qe2 Qd7 22. Rh1 b5 23. Rdg1 Ng4 24. Rh4 f5 25.
Rd1 Qd5 26. Rxg4 fxg4 27. Qxg4 Kh8 28. Bf4 a5 29. Be5 Ra7 30. Re1 Rf8 31. Qg6 Kg8 32.
Qg3 Qf7 33. Qe3 Qxh5 34. Qxe4 Qf5 35. Qxc6 Rc8 36. Qd5+ Rf7 37. Rc1 Qxf2 38. Qxb5 Qxg2 39. a4 h5 40. Qxa5 h4 41. Qa6 Rcf8 42. Qd6 h3 43. b4 Rf1 44. Rxf1 Qxf1+ 45. Kb2 Qg2 46. b5 Rf6 47.
Bxf6 h2 48. Qb8+ Kh7 49. Be5 h1=Q 50. Qc7 Qd1 51. Qc4 Qge2 52. Qxe2 Qxe2 53. Kb3 g5 54. c4 g4 55. c5 Qd3+ 56. Kb4 g3 57. Bxg3 Qxg3 58.
c6 Qd6+ 59. Kc4 Qa3 60. b6 Qxa4+ 61. Kc5 Qa5+ 62. Kd6 Qxb6 63. d5 Qd8+ 64. Kc5 Kg6 65. d6 Qa5+ 66. Kd4 Qb4+ 67. Kd5 Qb5+ 68. Ke6 Qxc6 69.
Ke7 Qe4+ 70. Kd8 Kf6 71. d7 Ke6 72. Ke8 Qg6+ 73. Kd8 Qf7 74. Kc8 Qxd7+ 75. Kb8 Kd6 76. Ka8 Kc6 77. Kb8 Qb7# 0-1

[Event "*** Titled Tuesday Blitz"]
[Site "Chess.com"]
[Date "2020.04.07"]
[Round "6"]
[White "Sawyer2908"]
[Black "arctic_t00"]
[Result "1/2-1/2"]
[WhiteElo "2529"]
[BlackElo "2403"]
[TimeControl "180+1"]
[EndTime "14:09:33 PDT"]
[Termination "Game drawn - insufficient material"]

1. e4 e6 2. Qe2 c5 3. Nf3 Nc6 4. c3 Nf6 5. g3 Be7 6. Bg2 d6 7. d3 O-O 8. O-O Rb8 9. a4 a6 10.
Nbd2 b5 11. axb5 axb5 12. b3 Bb7 13. Bb2 Qb6 14. d4 cxd4 15. cxd4 Nb4 16. Rfc1 Rfc8 17. Bc3 d5 18. e5 Ne4 19. Bxb4 Bxb4 20. Nxe4 dxe4 21. Ng5 h6 22. Nxe4 Qxd4 23. Nd6 Bxd6 24. exd6 Bxg2 25. Kxg2 Rxc1 26. Rxc1 Qd5+ 27. Qf3 Qxd6 28.
Rd1 Qc7 29. Rd3 Qb7 30. Qxb7 Rxb7 31. Rd8+ Kh7 32. Kf3 Kg6 33. Ke4 Kf6 34. Kd4 Rc7 35. Kd3 Rc5 36. Rb8 g5 37. Kd4 Rf5 38. Ke3 g4 39. b4 h5 40. Rb7 Kg6 41. Rb8 Rf3+ 42.
Ke2 Rf5 43. Ke3 h4 44. Rg8+ Kf6 45. Rxg4 hxg3 46. hxg3 Ke5 47. Re4+ Kd5 48. Rd4+ Kc6 49. f4 Rd5 50. Ke4 Rh5 51. Rd1 Rh3 52. Rd3 Rh2 53.
Ke5 Rb2 54. Kf6 Rxb4 55. Kxf7 Re4 56. Kf6 b4 57. Rf3 Kc5 58. g4 Kc4 59. g5 b3 60.
g6 Re1 61. g7 Rg1 62. Rxb3 Kxb3 63. Kxe6 Rxg7 64. f5 Kc4 65. f6 Ra7 66. f7 Ra8 67. Ke7 Ra7+ 68. Ke6 Rxf7 69. Kxf7 1/2-1/2

[Event "*** Titled Tuesday Blitz"]
[Site "Chess.com"]
[Date "2020.04.07"]
[Round "6"]
[White "Rsnr"]
[Black "ruslansezdbekov"]
[Result "1-0"]
[WhiteElo "2821"]
[BlackElo "2584"]
[TimeControl "180+1"]
[EndTime "14:09:35 PDT"]
[Termination "Rsnr won by resignation"]

1. d4 Nf6 2. c4 e5 3. dxe5 Ne4 4. Qc2 Nc5 5. Nf3 d6 6. exd6 Bxd6 7. Nc3 Nc6 8. a3 a5 9. Bg5 f6 10. Be3 O-O 11. Bxc5 Bxc5 12. e3 Qe8 13. Be2 Bg4 14. h3 Bh5 15. O-O Bg6 16. Bd3 Bxd3 17. Qxd3 Rd8 18. Qf5 Bd6 19. Rad1 g6 20. Qb5 Qe6 21.
Qd5 Qxd5 22. cxd5 Ne5 23. Nd2 Rfe8 24. f4 Nd3 25. Nc4 Nc5 26. Kf2 f5 27. Nxa5 Ne4+ 28. Nxe4 Rxe4 29. Nxb7 Rb8 30. Nxd6 Rxb2+ 31. Kf3 cxd6 32.
Rb1 Ra2 33. Rb3 Rd2 34. Rb4 Re7 35. Rd4 Rxd4 36. exd4 Ra7 37. Ra1 Ra4 38. Ke3 Kf7 39. Kd3 Ke7 40. Kc3 Kd7 41. g3 Kc7 42. Kd3 Kb6 43.
Rb1+ Kc7 44. Rb3 Ra5 45. Kc4 Ra4+ 46. Kc3 Ra5 47. Kb4 Rxd5 48. Rd3 Kb6 49. a4 h6 50.
h4 h5 51. Rd1 Ka6 52. Kc4 Ra5 53. Ra1 d5+ 54. Kb4 Kb6 55. Re1 Ra8 56. Re6+ Kc7 57.
Rxg6 Re8 58. Kc5 Re3 59. Rg7+ Kb8 60. Kxd5 Ra3 61. Ke5 Rxa4 62. Kxf5 Rxd4 63. Kg5 Rd5+ 64. f5 Kc8 65. Rf7 Rd3 66. Kf4 Kd8 67. Rh7 Rd4+ 68.
Kf3 Rd3+ 69. Kg2 Ke8 70. Rxh5 Kf7 71. Rh6 Kg7 72. Rg6+ Kf7 73. Kh3 Re3 74. h5 Re1 75. h6 Rh1+ 76. Kg4 Kf8 77. Kg5 Rh3 78. g4 Kf7 79. Ra6 1-0

[Event "*** Titled Tuesday Blitz"]
[Site "Chess.com"]
[Date "2020.04.07"]
[Round "6"]
[White "kingmonkey2006"]
[Black "malandragem"]
[Result "0-1"]
[WhiteElo "2615"]
[BlackElo "2489"]
[TimeControl "180+1"]
[EndTime "14:09:36 PDT"]
[Termination "malandragem won by resignation"]

1. e4 e5 2. Nf3 Nc6 3. Bb5 Nge7 4. O-O g6 5. d4 exd4 6. Nxd4 Bg7 7. Be3 O-O 8. Nc3 d5 9. exd5 Nb4 10. Nb3 Nbxd5 11.
Nxd5 Nxd5 12. Bd4 c6 13. Bc4 Nb6 14. Be2 Be6 15. Bxg7 Kxg7 16. Nc5 Qe7 17. Qd4+ Kg8 18. Bf3 Rad8 19. Qc3 Nd5 20. Bxd5 Rxd5 21. b4 b6 22. Ne4 f5 23. Ng3 c5 24. b5 Rd4 25. Rfe1 Qf6 26. Qe3 Bf7 27. Qe7 Qxe7 28. Rxe7 Rfd8 29. h3 Rd1+ 30.
Rxd1 Rxd1+ 31. Kh2 Bxa2 32. Rxa7 Bc4 33. Rb7 Rd6 34. c3 Bxb5 35. h4 Ba6 36. Ra7 b5 37. h5 b4 38. cxb4 cxb4 39. h6 b3 40. Ra8+ Kf7 41.
Rb8 Bc4 42. Rb4 Rc6 43. Kh3 Kf6 44. Nh1 Ke5 45. f3 Kd4 46. Nf2 Kc3 47. Rb7 Kc2 48.
Rxh7 b2 49. Rb7 Bb3 50. Nd1 b1=Q 51. Ne3+ Kd3 52. h7 Qh1+ 53. Kg3 f4+ 54. Kxf4 Qh6+ 55. Kg3 Rc8 56. Rxb3+ Kd2 57. Ng4 Qxh7 58. Rb2+ Kc1 59. Re2 Qc7+ 60. Kf2 Rd8 61. Kg1 Rd1+ 62. Kf2 Rd2 63.
Rxd2 Kxd2 64. g3 Qb6+ 65. Kg2 Ke2 66. Kh3 Kxf3 67. Ne5+ Kf2 68. Ng4+ Ke2 69. Kh4 Qe6 70. Kg5 Qf5+ 71. Kh6 Qh5+ 72. Kg7 Qxg4 0-1

[Event "*** Titled Tuesday Blitz"]
[Site "Chess.com"]
[Date "2020.04.07"]
[Round "6"]
[White "JustaTrickstar"]
[Black "Frogo47"]
[Result "1/2-1/2"]
[WhiteElo "2656"]
[BlackElo "2499"]
[TimeControl "180+1"]
[EndTime "14:09:37 PDT"]
[Termination "Game drawn by repetition"]

1. c4 e5 2. Nc3 Nc6 3. Nf3 Nf6 4. e4 Bc5 5. Nxe5 O-O 6. Nxc6 dxc6 7. Be2 Qd4 8. O-O Nxe4 9. Nxe4 Qxe4 10. d3 Qe5 11.
Qc2 Bf5 12. Rd1 Rad8 13. Rb1 Rfe8 14. Bf1 a5 15. Bd2 Bd4 16. Re1 Qc5 17. Bc3 h6 18.
Qd2 b6 19. a3 Qd6 20. Rxe8+ Rxe8 21. Re1 Rxe1 22. Qxe1 Kf8 23. b4 axb4 24. Bxb4 c5 25. Bd2 Qe7 26. Qc1 Qf6 27. Qe1 Bd7 28. Be2 Bc6 29. Be3 Qg6 30. Bf1 Qe6 31. Qd2 Qe5 32.
Bf4 Qe7 33. Qe2 Qd7 34. h3 f6 35. Be3 Be5 36. Qd2 Bd4 37. Be2 Bxe3 38. Qxe3 Qe7 39.
Qd2 Qe5 40. Bd1 Qd4 41. a4 Bd7 42. Qe2 Bf5 43. Bc2 Qa1+ 44. Kh2 Qd4 45. Qd2 Qe5+ 46.
Kg1 Qd4 47. Qe2 Kf7 48. Qd2 g5 49. Qe2 Qe5 50. Qd2 Qf4 51. Qe2 Qc1+ 52. Kh2 Qf4+ 53. Kg1 Qd6 54. Qd2 Bg6 55. Qe3 Qe5 56. Qd2 Qd4 57.
Kf1 f5 58. Kg1 f4 59. Kf1 Bf5 60. f3 Kf6 61. Qe2 Qe3 62. Qd1 Ke5 63. Qa1+ Qd4 64. Qe1+ Kd6 65. Qe8 Bxd3+ 66. Bxd3 Qxd3+ 67. Kg1 Qe3+ 68.
Qxe3 fxe3 69. Kf1 Ke5 70. Ke2 Kd4 71. g3 Kxc4 72. Kxe3 Kd5 73. Kd3 c6 74. Kc3 Ke5 75. Kd3 Kf5 76. Kc4 h5 77. a5 bxa5 78. Kxc5 Ke5 79.
Kc4 Kd6 80. Kd4 Ke6 81. Kc5 Ke5 82. Kc4 Ke6 83. Kc5 Ke5 1/2-1/2

[Event "*** Titled Tuesday Blitz"]
[Site "Chess.com"]
[Date "2020.04.07"]
[Round "6"]
[White "matiss90"]
[Black "ValentinDragnev"]
[Result "1/2-1/2"]
[WhiteElo "2535"]
[BlackElo "2720"]
[TimeControl "180+1"]
[EndTime "14:09:38 PDT"]
[Termination "Game drawn by repetition"]

1. e4 e5 2. Nf3 Nc6 3. Bb5 a6 4. Ba4 Nf6 5. d3 d6 6. c3 g6 7.
Nbd2 Bg7 8. O-O O-O 9. Re1 Nd7 10. Nf1 Nc5 11. Bc2 f5 12. exf5 Bxf5 13. Ne3 Qd7 14. Nxf5 gxf5 15. d4 exd4 16. Nxd4 Nxd4 17.
cxd4 Ne6 18. d5 Nd4 19. Be3 Nxc2 20. Qxc2 f4 21. Bd2 f3 22. Re6 Qf7 23. Qe4 fxg2 24. Qxg2 Kh8 25. Rae1 Bd4 26. Be3 Bxe3 27. R1xe3 c6 28. Re7 Qf6 29. Rxh7+ Kxh7 30. Rh3+ Qh6 31. Qe4+ Kg7 32. Qe7+ Rf7 33. Qxf7+ Kxf7 34. Rxh6 Rd8 35. Rh7+ Kf6 36. Rxb7 cxd5 37. Kf1 Ke5 38. Rb3 d4 39. h4 Rh8 40. Rh3 Rh5 41. Ke2 a5 42. f3 a4 43. Kd3 d5 44. b3 axb3 45. axb3 Rh8 46. h5 Rb8 47. h6 Rxb3+ 48. Kd2 Rb2+ 49. Kd3 Rb3+ 50. Kd2 Rb8 51. h7 Rh8 52. Kd3 Kf6 53. Kxd4 Kg7 54. Kxd5 Rd8+ 55. Ke6 Kh8 56. f4 Ra8 57. f5 Ra6+ 58. Ke5 Ra5+ 59. Kf4 Ra4+ 60. Kg5 Ra5 61. Re3 Kxh7 62. Kf6 Ra6+ 63. Re6 Ra1 64.
Kf7 Ra7+ 65. Re7 Ra8 66. f6 Kh6 67. Re5 Ra7+ 68. Re7 Ra8 69. Ke6 Ra6+ 70. Kf7 Ra8 1/2-1/2

[Event "*** Titled Tuesday Blitz"]
[Site "Chess.com"]
[Date "2020.04.07"]
[Round "6"]
[White "tandaleo"]
[Black "Stouuf"]
[Result "1-0"]
[WhiteElo "2346"]
[BlackElo "2499"]
[TimeControl "180+1"]
[EndTime "14:09:39 PDT"]
[Termination "tandaleo won on time"]

1. d4 d6 2. c4 e5 3. Nf3 e4 4. Ng5 f5 5. g3 c6 6. Bg2 Nf6 7. Nc3 Be7 8. O-O h6 9. Nh3 Nbd7 10. Nf4 Nf8 11. d5 c5 12. e3 g5 13. Nh5 Ng6 14. b3 O-O 15. Bb2 Ng4 16. Nxe4 fxe4 17. Bxe4 Qe8 18. f4 N6e5 19. fxe5 Rxf1+ 20. Qxf1 Qxh5 21. Qe2 Nf6 22. Qxh5 Nxh5 23. exd6 Bxd6 24. Bg6 Ng7 25. e4 Be7 26. e5 Bf5 27. Bxf5 Nxf5 28. Rf1 Rf8 29.
g4 Nd4 30. Bxd4 Rxf1+ 31. Kxf1 cxd4 32. Ke2 Bc5 33. Kd3 Kf7 34. b4 Bxb4 35. Kxd4 a5 36. Ke4 Bc3 37. Kf5 Bb4 38. d6 a4 39. e6+ Ke8 40. d7+ Ke7 41. Kg6 Ba5 42. Kxh6 Kxe6 43.
Kxg5 Kxd7 44. Kg6 Kc6 45. h4 Kc5 46. h5 Kxc4 47. h6 Bc3 48. Kf7 b5 49. g5 b4 50.
g6 b3 51. axb3+ axb3 52. g7 b2 53. g8=Q b1=Q 54. Qg4+ Bd4 55. Qe6+ Kc3 56. Qc6+ Kd2 57. Qg2+ Ke3 58. Qg5+ Ke2 59. Qg4+ Kd2 60. Qxd4+ Ke2 61. Qg4+ Ke3 62. Qg5+ Kf3 63. Qf6+ Ke3 64. Qe5+ Kd2 65. Qf4+ Ke2 66. Kg7 Qb7+ 67. Qf7 Qb2+ 68. Qf6 Qb7+ 69. Kg6 Qg2+ 70. Kh5 Qh3+ 71. Kg6 Qg4+ 72. Qg5 Qe6+ 73. Kh5 Qf7+ 74. Qg6 Qd5+ 75. Kh4 Qh1+ 76. Kg5 Qg2+ 77. Kf6 Qc6+ 78. Kg7 Qd7+ 79. Qf7 Qg4+ 80. Kf8 Qb4+ 81. Qe7+ Qxe7+ 82. Kxe7 1-0

[Event "*** Titled Tuesday Blitz"]
[Site "Chess.com"]
[Date "2020.04.07"]
[Round "6"]
[White "LikeWater"]
[Black "DraskovicL"]
[Result "1-0"]
[WhiteElo "2686"]
[BlackElo "2559"]
[TimeControl "180+1"]
[EndTime "14:09:40 PDT"]
[Termination "LikeWater won by resignation"]

1. e4 d5 2. d4 dxe4 3. Nc3 Nf6 4.
f3 e3 5. Bxe3 Bf5 6. Bc4 e6 7.
Nge2 c6 8. O-O Bd6 9. Ng3 Bg6 10. Nce4 Be7 11. c3 Nbd7 12. Bd3 O-O 13. Qd2 Nd5 14. Nf2 Nxe3 15. Qxe3 c5 16. Bxg6 hxg6 17. Nge4 cxd4 18. Qxd4 Nf6 19. Rad1 Qa5 20. Nxf6+ Bxf6 21.
Qc4 Rfd8 22. Qb3 Qc7 23. Ne4 Be5 24. g3 Kh8 25. Rxd8+ Rxd8 26. Rd1 f5 27. Nf2 Rxd1+ 28. Qxd1 Bd6 29. Kg2 Qc6 30. Qd4 Bc5 31. Qd8+ Kh7 32. Nh3 Be3 33. Qd3 Bc1 34. Qc2 Be3 35. Qe2 Bc1 36.
c4 g5 37. Nf2 g4 38. b3 Bg5 39. h3 gxh3+ 40. Nxh3 Bf6 41. Nf4 e5 42. Nd5 a6 43.
Qd3 Qe6 44. g4 e4 45. gxf5 exd3 46. fxe6 d2 47. Ne3 Bg5 48. Nd1 Kg6 49. Kf2 Kf6 50. Ke2 Kxe6 51. Nc3 Ke5 52. Ne4 Bf4 53. Nxd2 Kd4 54. Ne4 g5 55. a4 g4 56. Nf2 g3 57.
Nh3 Be3 58. f4 Ke4 59. f5 g2 60. f6 g1=Q 61. Nxg1 Bxg1 62. b4 Bh2 63. c5 Be5 64. f7 Bg7 65. b5 Kd5 66. c6 Kd6 67. cxb7 Kc7 68. bxa6 Kb8 69. Kf3 Ka7 70. Ke4 Bf8 71. Kd5 Bg7 72. Kc6 Bf8 73. Kc7 1-0

[Event "*** Titled Tuesday Blitz"]
[Site "Chess.com"]
[Date "2020.04.07"]
[Round "6"]
[White "Artem_Sadovsky"]
[Black "Kimster98"]
[Result "0-1"]
[WhiteElo "2621"]
[BlackElo "2498"]
[TimeControl "180+1"]
[EndTime "14:09:42 PDT"]
[Termination "Kimster98 won by resignation"]

1. Nf3 Nf6 2. g3 d5 3. Bg2 c5 4. O-O Nc6 5. c4 d4 6. e3 e5 7. exd4 exd4 8. Re1+ Be7 9. d3 O-O 10. Bg5 h6 11. Bxf6 Bxf6 12. Nbd2 Bf5 13. Ne4 Bxe4 14. Rxe4 Qd7 15. Qe2 Rfe8 16. Re1 Kf8 17. Bh3 Rxe4 18. Bxd7 Rxe2 19. Rxe2 Nb4 20. Ne1 Nxa2 21. Nc2 Nc1 22. Rd2 Nb3 23. Re2 Nc1 24. Rd2 Nb3 25. Re2 a6 26. Ba4 Na5 27. b4 cxb4 28. Nxb4 Rb8 29. Nd5 Nc6 30. Rb2 Ne5 31. Nb6 Rd8 32. Rb3 Be7 33.
Nd5 Bc5 34. f4 b5 35. Bxb5 axb5 36. fxe5 bxc4 37. dxc4 Re8 38. Nc7 Rxe5 39. Rb8+ Ke7 40. Re8+ Kf6 41. Nd5+ Kf5 42. Rc8 Ba3 43. Nf4 g5 44.
Nd3 Re3 45. Nf2 Rc3 46. Ra8 d3 47. Kf1 Rc1+ 48. Kg2 Rc3 49. Rd8 Rxc4 50. Nxd3 Be7 51. Rd5+ Ke6 52. Re5+ Kf6 53. Ra5 Rc2+ 54. Kf3 Rc3 55.
Ke4 Kg7 56. Ra7 Bf6 57. g4 Rc4+ 58. Kf3 Rc3 59. Ke2 Rc2+ 60. Kf3 Rxh2 61. Nf2 h5 62. Kg3 Rxf2 63. Kxf2 Bd4+ 64. Kf3 Bxa7 65. Ke4 hxg4 66. Kf5 g3 67. Kg4 g2 68. Kh5 g4 69. Kh4 g1=Q 0-1

[Event "*** Titled Tuesday Blitz"]
[Site "Chess.com"]
[Date "2020.04.07"]
[Round "6"]
[White "Anna_ChessMate"]
[Black "DejanNestor64"]
[Result "0-1"]
[WhiteElo "2605"]
[BlackElo "2463"]
[TimeControl "180+1"]
[EndTime "14:09:47 PDT"]
[Termination "DejanNestor64 won by checkmate"]

1. d4 Nf6 2. c4 e6 3. Nf3 Bb4+ 4. Bd2 Qe7 5. g3 Nc6 6. Bg2 Bxd2+ 7. Nbxd2 d6 8. O-O a5 9. e4 e5 10. d5 Nb8 11.
Rc1 O-O 12. b3 Na6 13. a3 Bg4 14. Qc2 c6 15. dxc6 bxc6 16. Nb1 Nc5 17. Nc3 a4 18.
b4 Nb3 19. Rcd1 Bxf3 20. Bxf3 Nd4 21. Qd3 Nd7 22. Bg2 g6 23. Ne2 c5 24. b5 Nb6 25.
Nc3 Qe6 26. Nd5 Nxd5 27. exd5 Qd7 28. f4 exf4 29. Rxf4 f5 30. Rf2 Rfe8 31. h3 Re5 32. Rdf1 Rae8 33. Kh2 Re3 34. Qd1 Qe7 35. Qxa4 Qg5 36.
b6 Qxg3+ 37. Kh1 Qh4 38. b7 Qd8 39. Rb2 Qc7 40. Qa7 Rb8 41. a4 Rb3 42. Rxb3 Nxb3 43. Rb1 Qxb7 44. Qxb7 Rxb7 45. Re1 Kf7 46. Re6 Rb6 47.
h4 Nd4 48. Re1 Ra6 49. Ra1 Kf6 50. Bf1 h6 51. Kg2 g5 52. hxg5+ hxg5 53. Bd3 g4 54. Kg3 Kg5 55. Ra3 f4+ 56. Kg2 Ra5 57.
Bb1 Kh4 58. Be4 f3+ 59. Kg1 Kg3 60. Kf1 Kf4 61. Bd3 g3 62. Ra1 Nf5 63. Bxf5 Kxf5 64. Ra3 Kg4 65. Kg1 g2 66. Kf2 Ra8 67. a5 Re8 68. Rxf3 g1=Q+ 69. Kxg1 Kxf3 70. a6 Ra8 71. a7 Rxa7 72. Kh2 Ra4 73. Kh3 Rxc4 74. Kh2 Rd4 75. Kh3 Rxd5 76. Kh2 Re5 77. Kg1 Kg3 78. Kf1 Re4 79. Kg1 Re1# 0-1

[Event "*** Titled Tuesday Blitz"]
[Site "Chess.com"]
[Date "2020.04.07"]
[Round "6"]
[White "Storne89"]
[Black "Vaathi_Coming"]
[Result "0-1"]
[WhiteElo "2620"]
[BlackElo "2849"]
[TimeControl "180+1"]
[EndTime "14:09:48 PDT"]
[Termination "Vaathi_Coming won by checkmate"]

1. e4 d5 2. exd5 Qxd5 3. Nc3 Qd6 4. Nf3 Nf6 5. g3 Bg4 6. Bg2 Nc6 7. h3 Bh5 8. d3 e5 9. O-O Be7 10. Be3 O-O 11.
g4 Bg6 12. Nh4 Rad8 13. Qf3 Nd4 14. Bxd4 exd4 15. Ne2 c6 16. Ng3 Nd5 17. Nhf5 Qd7 18. Ne4 Rfe8 19. Rfe1 Bxf5 20. gxf5 Nf6 21. Re2 Nxe4 22.
Rxe4 Bf6 23. Rae1 h6 24. a4 Rxe4 25. Rxe4 Qd6 26. Qe2 Kf8 27. b3 a5 28. Qf3 b5 29.
Re1 bxa4 30. bxa4 Qb4 31. Ra1 Rd6 32. Qd1 Kg8 33. Qb1 Qc5 34. Qb8+ Rd8 35. Qb3 Qxf5 36. Re1 Qf4 37. Qc4 Bh4 38. Re2 Rb8 39. Qxc6 Rb1+ 40.
Bf1 f5 41. Qg6 Qg5+ 42. Qxg5 hxg5 43. Re5 f4 44. Rxa5 Rd1 45. Re5 Kf7 46. a5 Ra1 47. Rd5 Kf6 48. Rxd4 Rxa5 49. Be2 Ra1+ 50. Kg2 Rc1 51.
c4 Rc2 52. Kf3 Ke5 53. Rd5+ Kf6 54. d4 Rc3+ 55. Ke4 Rc2 56. Kf3 Rc3+ 57. Ke4 Bxf2 58. Rd6+ Ke7 59. Kd5 Bxd4 60. Bg4 Bf6 61. Rd7+ Kf8 62. c5 Rd3+ 63. Ke6 Re3+ 64. Kd5 f3 65. Kc6 f2 66. Rd1 Re1 67. Rd7 f1=Q 68. Be6 Qa6+ 69.
Kd5 Qxe6# 0-1

[Event "*** Titled Tuesday Blitz"]
[Site "Chess.com"]
[Date "2020.04.07"]
[Round "6"]
[White "SCIM"]
[Black "vlad_Sid"]
[Result "0-1"]
[WhiteElo "2480"]
[BlackElo "2637"]
[TimeControl "180+1"]
[EndTime "14:09:48 PDT"]
[Termination "vlad_Sid won by checkmate"]

1. d4 Nf6 2. c4 c5 3. d5 b5 4.
cxb5 a6 5. bxa6 g6 6. Nc3 Bg7 7. Nf3 O-O 8. a7 Rxa7 9. e4 d6 10. Be2 Ba6 11. O-O Qb6 12. a4 Nbd7 13. Ra3 Rb8 14.
Qc2 Bxe2 15. Qxe2 Ne8 16. h4 Qa6 17. Qc2 Nc7 18. h5 Rb4 19. h6 Bxc3 20. Qxc3 f6 21. Nd2 Rxa4 22. Rxa4 Qxa4 23. Qh3 Ne5 24. b3 Qd7 25. Qg3 Qg4 26. Qe3 Nb5 27. Bb2 Ra2 28. Bxe5 fxe5 29. Nf3 Nd4 30. Nxd4 exd4 31. Qd3 Qf4 32.
b4 cxb4 33. Qxd4 Qxh6 34. Qxb4 Re2 35. Qc4 Qd2 36. Qc8+ Kg7 37. Qe6 Qg5 38. Rb1 Qh4 39. g3 Qxe4 40. Qxe4 Rxe4 41. Rb5 Kf6 42. Kg2 Ke5 43.
Rb8 Kxd5 44. Rh8 h5 45. Kf3 Re6 46. Kf4 Rf6+ 47. Ke3 Ke6 48. f4 Kf5 49. Kf3 e5 50. fxe5 dxe5 51. Re8 Ra6 52. Rf8+ Kg5 53. Re8 Ra3+ 54. Kf2 Kg4 55. Rxe5 Rf3+ 56. Kg2 Rxg3+ 57.
Kh2 Rf3 58. Rb5 Rf5 59. Rb4+ Rf4 60. Rb5 g5 61. Kg2 Ra4 62. Rb2 h4 63. Kh2 Ra5 64.
Kg2 Kh5 65. Kh2 g4 66. Kg2 h3+ 67. Kg3 Ra3+ 68. Kh2 Kh4 69. Rb1 Ra2+ 70. Kh1 Ra4 71. Rc1 g3 72. Rb1 Kg4 73. Rc1 Rf4 74. Rb1 h2 75.
Rc1 Kh3 76. Rg1 Rf1 77. Rxf1 g2# 0-1

[Event "*** Titled Tuesday Blitz"]
[Site "Chess.com"]
[Date "2020.04.07"]
[Round "6"]
[White "Haykos"]
[Black "varacalli"]
[Result "0-1"]
[WhiteElo "2588"]
[BlackElo "2412"]
[TimeControl "180+1"]
[EndTime "14:09:48 PDT"]
[Termination "varacalli won by resignation"]

1. e4 e5 2. Nf3 Nc6 3. Bc4 Bc5 4. d3 Nf6 5. O-O d6 6. c3 Bb6 7. Re1 h6 8. Bb3 Ne7 9. h3 Ng6 10. d4 O-O 11. Nbd2 Nh5 12. Nc4 Qf6 13. Nxb6 axb6 14. Nxe5 Nxe5 15. Qxh5 Ng6 16. e5 dxe5 17. dxe5 Qf5 18.
Qxf5 Bxf5 19. g4 Be6 20. f4 Bxb3 21. f5 Ne7 22. Bxh6 gxh6 23. axb3 Rxa1 24. Rxa1 Nc6 25. Kf2 Re8 26. Rd1 Rxe5 27. b4 Kg7 28. Kf3 Re7 29. Rd2 Rd7 30. Re2 Kf8 31. h4 f6 32.
Kf4 Kf7 33. g5 hxg5+ 34. hxg5 fxg5+ 35. Kxg5 Rd1 36. b5 Ne7 37. Rf2 Rg1+ 38. Kf4 Kf6 39. Rh2 Rf1+ 40. Ke4 Nxf5 41. Rh7 Ne7 42. Rh6+ Kf7 43.
Rh7+ Ke8 44. Rh2 Re1+ 45. Kd4 Kd7 46. Rd2 Rg1 47. Ke5+ Ke8 48. Kf6 Rf1+ 49. Ke6 Re1+ 50. Kf6 Nc8 51. Rh2 Nd6 52. Rh8+ Kd7 53. Rh7+ Kd8 54. Rh8+ Ne8+ 55. Kf7 Rf1+ 56. Ke6 Rf6+ 57. Ke5 Rg6 58. c4 Rg2 59. b3 Rg3 60. b4 Rg4 61.
Kd5 Rg5+ 62. Kd4 Kd7 63. Rh7+ Rg7 64. Rh4 Nd6 65. Rf4 c6 66. bxc6+ Kxc6 67. b5+ Kd7 68. Kd5 Rg5+ 69. Kd4 Rc5 70. Kd3 Rxc4 71. Rxc4 Nxc4 72. Kxc4 Ke6 73. Kd4 Kd6 74. Kc4 Ke5 75. Kc3 Kd5 76. Kd3 Kc5 77. Kc3 Kxb5 78. Kb3 Kc5 79. Kc3 b5 80.
Kb3 b6 81. Kb2 b4 82. Kb3 Kb5 83. Kb2 Kc4 84. Kc2 b3+ 85. Kb2 Kb4 86. Kb1 Kc3 87. Kc1 b2+ 88. Kb1 b5 0-1

[Event "*** Titled Tuesday Blitz"]
[Site "Chess.com"]
[Date "2020.04.07"]
[Round "6"]
[White "Fy_Rakotomaharo"]
[Black "Angel_Hranitel_37"]
[Result "1/2-1/2"]
[WhiteElo "2590"]
[BlackElo "2357"]
[TimeControl "180+1"]
[EndTime "14:09:53 PDT"]
[Termination "Game drawn by agreement"]

1. e4 c5 2. Nf3 e6 3. d4 cxd4 4. Nxd4 Nf6 5. Nc3 Nc6 6. Ndb5 Bc5 7. Bf4 O-O 8. Be2 e5 9. Bg5 d6 10. O-O h6 11. Bxf6 Qxf6 12. Nd5 Qg6 13. Qd3 Be6 14. c3 Rfd8 15. b4 Bb6 16. a4 Bxd5 17. exd5 Qxd3 18.
Bxd3 Ne7 19. a5 a6 20. Na3 Ba7 21. c4 Bd4 22. Rab1 b6 23. Nc2 bxa5 24. Nxd4 exd4 25. bxa5 Rdb8 26. f4 Kf8 27. Kf2 Ng8 28. Rb6 Rxb6 29.
axb6 Rb8 30. Rb1 Nf6 31. b7 Nd7 32. Bf5 Ke7 33. Bxd7 Kxd7 34. Rb6 a5 35. Ke2 Kc7 36. Rc6+ Kd7 37. Rb6 Kc7 38. Rc6+ Kd7 39. Ra6 Rxb7 40. Rxa5 Rb2+ 41. Kf3 Rc2 42. Ra7+ Ke8 43. Ra8+ Ke7 44. Ra7+ Ke8 45. Ra8+ Ke7 46. Ra4 d3 47. Ke3 Rxg2 48. Ra7+ Kf6 49. Kxd3 Rxh2 50. Rd7 g5 51. Rxd6+ Ke7 52.
c5 g4 53. Ra6 g3 54. Ra1 g2 55. Rg1 h5 56. Ke3 h4 57. Kf2 h3 58. Kg3 Rh1 59.
Kf2 h2 60. Rxg2 Rc1 61. Rxh2 Rxc5 62. Rh5 Kd6 63. Kf3 Rxd5 64. Rh6+ Ke7 65. Ra6 Rd6 66. Ra7+ Rd7 67. Ra5 Rd6 68. Kg4 Rb6 69. Re5+ Kf6 70. Rf5+ Kg7 71. Rc5 Rg6+ 72. Kf5 Rh6 73. Ke4 Rh7 74.
Rg5+ Kf6 75. Ra5 Rh6 76. Ra6+ Kg7 77. Rxh6 Kxh6 78. Kf5 Kg7 79. Kg5 f6+ 80. Kf5 Kf7 81.
Ke4 Ke6 82. f5+ Kd6 83. Kd4 Kc6 84. Kc4 Kd6 85. Kd4 Kc6 86. Kc4 1/2-1/2